Map: Ephemeron LE

Players

Special

  • Race: Terran Terran
  • League: Master
  • Spawn Location: 5:00

Serral - Winner!

  • Race: Zerg Zerg
  • League: Master
  • Spawn Location: 11:00

Event: HomeStory Cup XX

VOD

Have the link to the VOD?

Description

Time

  • Played on: Nov. 22, 2019, 3:48 p.m.
  • Length: 14:19

All games in this series

Show
View Real Time Build Order
Export as new Build Order

Special Terran 

Build Orders: Hellion Opening, Reaper Expand 

Get SALT Encoding   

  12  0:00  SCV  
  13  0:12  SCV  
  14  0:17  Supply Depot  
  14  0:25  SCV  
  15  0:39  SCV  
  15  0:40  Barracks  
  16  0:44  Refinery  
  16  0:51  SCV  
  17  1:03  SCV  
  18  1:15  SCV  
  19  1:28  Orbital Command, Reaper  
  20  1:40  Command Center  
  20  1:48  Supply Depot  
  20  1:54  SCV  
  21  2:00  Marine  
  22  2:04  Factory  
  22  2:07  SCV  
  23  2:12  Refinery  
  23  2:20  SCV  
  23  2:21  Barracks Reactor  
  24  2:32  SCV  
  25  2:44  SCV  
  25  2:49  Starport  
  26  2:53  Orbital Command  
  26  2:57  SCV  
  27  3:02  Hellion x2  
  31  3:07  Barracks Tech Lab  
  31  3:09  SCV  
  32  3:19  SCV  
  33  3:21  SCV  
  33  3:26  Hellion x2  
  38  3:31  SCV  
  38  3:32  Supply Depot  
  38  3:34  Marine, Raven  
  41  3:36  SCV  
  43  3:43  SCV  
  43  3:48  SCV  
  45  3:54  Hellion x2, Supply Depot  
  45  3:55  Barracks Tech Lab, SCV  
  49  4:00  SCV  
  51  4:08  SCV  
  52  4:12  SCV  
  53  4:17  Hellion x2  
  53  4:18  Raven  
  53  4:21  Command Center  
  59  4:24  SCV  
  59  4:25  SCV  
  59  4:30  Supply Depot  
  59  4:31  Marine  
  60  4:34  Stimpack  
  60  4:37  SCV  
  62  4:52  Factory Reactor, SCV x2  
  64  4:54  Barracks  
  64  5:00  Barracks  
  62  5:07  Marine  
  62  5:08  SCV  
  62  5:10  SCV  
  62  5:13  Starport Reactor  
  63  5:16  Engineering Bay  
  63  5:17  Engineering Bay  
  63  5:20  SCV  
  64  5:23  SCV  
  64  5:25  Marine  
  64  5:26  Refinery  
  64  5:27  Refinery  
  66  5:32  SCV  
  66  5:35  SCV  
  66  5:39  Orbital Command  
  66  5:44  SCV  
  66  5:47  Terran Infantry Weapons Level 1, Barracks  
  66  5:48  Barracks, Terran Infantry Armor Level 1  
  66  5:49  Marine x2  
  70  5:51  Medivac  
  70  5:54  SCV  
  70  5:56  SCV  
  73  5:57  Marine x2  
  73  5:58  Marine  
  73  6:00  Siege Tank  
  79  6:06  SCV  
  79  6:10  Marine x2  
  72  6:11  SCV  
  72  6:14  Marine  
  72  6:15  Marine  
  72  6:17  Marine  
  72  6:18  Medivac, Orbital Command, SCV  
  75  6:19  Supply Depot  
  75  6:21  Medivac  
  75  6:23  SCV  
  80  6:25  Supply Depot  
  80  6:26  Supply Depot  
  80  6:28  Marine x2, Combat Shield  
  80  6:30  SCV  
  80  6:32  Marine x2  
  83  6:36  Barracks Reactor  
  83  6:37  Barracks Reactor  
  85  6:40  SCV  
  85  6:42  SCV  
  85  6:44  SCV  
  88  6:47  Marine x3  
  88  6:50  Marine x2  
  88  6:51  Siege Tank  
  88  6:52  SCV  
  97  6:54  SCV  
  97  6:56  SCV  
  99  7:04  SCV  
  99  7:05  Marine x3  
  99  7:06  SCV  
  99  7:08  Marine x2, SCV  
  97  7:13  Marine  
  97  7:14  Marine x2  
  103  7:17  SCV  
  103  7:18  SCV  
  103  7:20  SCV  
  106  7:23  Siege Tank  
  109  7:38  Refinery  
  109  7:50  Marine x2, Medivac x2  
  109  7:51  Factory, Supply Depot x2, SCV x2  
  117  8:01  Marine, SCV  
  117  8:02  Marine x2  
  117  8:03  Marine, Liberator x2  
  117  8:04  Marine x3  
  110  8:07  SCV x2  
  110  8:08  Marine x2  
  110  8:10  Command Center  
  105  8:13  SCV  
  105  8:15  Supply Depot  
  105  8:19  Marine, SCV  
  108  8:20  Marine x3  
  108  8:21  Marine  
  108  8:23  Marine  
  108  8:24  Marine  
  108  8:26  Marine x2  
  122  8:30  Armory  
  122  8:35  Factory Reactor  
  122  8:36  Marine  
  122  8:37  Marine  
  122  8:38  Marine x2, Supply Depot  
  122  8:39  Marine  
  125  8:43  Marine  
  125  8:46  Marine  
  127  8:49  Marine  
  127  8:51  Marine, Command Center  
  127  8:54  Marine  
  127  8:55  Marine  
  130  8:56  Marine  
  130  9:00  Marine x2  
  132  9:04  Marine  
  132  9:07  Medivac x2  
  131  9:10  Widow Mine  
  131  9:12  SCV x2  
  132  9:17  Marine x5  
  132  9:18  Terran Infantry Weapons Level 2, Marauder, Terran Infantry Armor Level 2  
  132  9:23  Fusion Core  
  139  9:25  Refinery  
  139  9:26  Starport x2  
  139  9:28  SCV x3  
  139  9:30  Marine x2  
  144  9:32  Widow Mine  
  144  9:33  Drilling Claws  
  144  9:34  Marine x2  
  144  9:37  Marine x2  
  150  9:39  Marine x2  
  150  9:40  Marauder, Medivac  
  156  9:46  Terran Vehicle And Ship Armor Level 1  
  156  9:47  Marine x2  
  158  9:53  Barracks x3  
  158  9:58  Marine  
  159  10:01  Marauder  
  153  10:07  Marine  
  153  10:08  Marine x3  
  153  10:09  Marine x2, Planetary Fortress  
  153  10:10  SCV x3  
  153  10:11  Starport Reactor x2  
  153  10:13  Medivac  
  164  10:22  SCV x2  
  164  10:23  Marauder  
  164  10:26  Liberator  
  168  10:32  Marine  
  168  10:33  Marine x7  
  176  10:36  Widow Mine  
  176  10:38  Widow Mine  
  179  10:50  Marauder  
  179  10:54  Marine x2  
  179  10:56  Marine, Liberator  
  179  10:58  Refinery  
  179  10:59  Refinery  
  179  11:00  Supply Depot, SCV x3  
  179  11:01  Supply Depot  
  179  11:03  Marine x3, Barracks Tech Lab x2  
  179  11:04  Barracks Tech Lab, Liberator  
  179  11:05  Liberator  
  179  11:06  Widow Mine  
  179  11:09  Marine  
  178  11:13  SCV  
  178  11:14  Marauder  
  178  11:15  Advanced Ballistics  
  179  11:22  Marine, Widow Mine x2, SCV  
  191  11:28  Widow Mine  
  191  11:29  Marauder  
  195  11:36  Supply Depot  
  195  11:45  Marine x3  
  195  11:46  Marine x2  
  195  11:47  Marauder, Marine  
  195  11:55  Marauder  
  195  11:57  Command Center  
  195  11:59  Command Center  
  185  12:04  Marine x2  
  185  12:05  Marauder  
  185  12:06  Marine, Marauder  
  153  12:09  Marine x2  
  153  12:10  Marine x2, Marauder  
  153  12:11  Widow Mine x2  
  153  12:13  Marine  
  157  12:16  Marauder, Liberator x2  
  157  12:22  Marine x2  
  140  12:24  Marine  
  140  12:26  Marauder  
  140  12:27  Marine  
  140  12:28  Marauder  
  140  12:29  Widow Mine  
  145  12:31  Marauder  
  145  12:34  Marine x2  
  145  12:36  Marine  
  148  12:38  Marauder  
  148  12:39  SCV x2  
  148  12:40  SCV  
  153  12:46  Marine x2  
  153  12:48  Marauder, Medivac  
  153  12:49  Marauder  
  161  12:51  SCV  
  161  12:53  Marauder, Marine  
  155  12:59  Marauder  
  155  13:00  Marine, Liberator  
  155  13:01  SCV  
  155  13:02  SCV  
  155  13:05  SCV  
  159  13:07  Widow Mine  
  159  13:09  Marauder, Marine  
  159  13:10  Marauder  
  166  13:14  Marauder, SCV  
  172  13:21  Marauder  
  172  13:22  Widow Mine  
  172  13:25  Marine  
  177  13:29  Medivac  
  177  13:30  Marauder  
  181  13:35  Planetary Fortress  
  181  13:36  Marauder  
  181  13:41  Marine, Marauder  
  183  13:46  Sensor Tower  
  183  13:47  Marine  
  183  13:48  Marauder  
  189  13:53  Widow Mine  
  167  13:57  Marine x2, Marauder  
  167  13:59  Marine  
  163  14:05  SCV x2  
Show
View Real Time Build Order
Export as new Build Order

Serral Zerg - Winner!

Build Orders: Hatch First 

Get SALT Encoding   

  12  0:00  Drone  
  13  0:12  Overlord  
  13  0:16  Drone  
  14  0:30  Drone x2  
  16  0:48  Hatchery  
  15  0:51  Drone  
  15  0:55  Drone  
  17  0:58  Drone  
  18  1:09  Extractor  
  17  1:14  Spawning Pool  
  17  1:17  Drone  
  17  1:20  Drone  
  18  1:28  Drone  
  19  1:38  Drone  
  20  1:57  Overlord  
  20  2:00  Queen x2  
  20  2:01  Zergling x4  
  26  2:11  Drone x2  
  26  2:12  Metabolic Boost  
  28  2:22  Drone x2  
  30  2:36  Hatchery  
  28  2:38  Drone  
  28  2:41  Drone  
  30  2:48  Queen  
  32  2:53  Overlord  
  32  2:56  Drone  
  32  2:58  Drone  
  34  3:01  Drone  
  34  3:05  Drone  
  36  3:07  Pneumatized Carapace  
  36  3:14  Drone  
  36  3:15  Drone x2  
  36  3:17  Drone  
  40  3:26  Queen  
  42  3:28  Overlord  
  42  3:31  Drone x2  
  44  3:43  Overlord  
  44  3:47  Zergling x2  
  44  3:48  Zergling x2, Drone  
  46  3:49  Drone x3  
  46  3:51  Queen  
  53  3:55  Zergling x2  
  53  3:58  Lair  
  53  4:00  Drone  
  54  4:07  Baneling Nest  
  54  4:09  Queen  
  53  4:13  Zergling x6  
  53  4:15  Drone  
  59  4:19  Overlord  
  59  4:20  Drone  
  61  4:24  Drone x3  
  61  4:26  Drone  
  61  4:27  Drone  
  65  4:34  Spore Crawler  
  65  4:35  Drone  
  65  4:36  Zergling x2, Spore Crawler  
  65  4:38  Extractor  
  65  4:40  Queen  
  65  4:42  Drone x2  
  65  4:43  Drone  
  65  4:45  Zergling x2  
  71  4:46  Drone  
  71  4:51  Drone x2, Overlord  
  74  4:54  Overlord  
  74  4:56  Overlord  
  74  5:04  Queen  
  74  5:07  Extractor, Zergling x2  
  74  5:08  Overlord  
  74  5:11  Overlord  
  74  5:12  Overlord  
  74  5:13  Drone x2  
  74  5:14  Drone x2  
  78  5:17  Zergling x2  
  78  5:19  Drone x3  
  82  5:22  Drone  
  82  5:23  Drone x3  
  82  5:26  Centrifical Hooks  
  86  5:30  Drone x2  
  86  5:34  Queen  
  88  5:37  Zergling x4  
  88  5:40  Drone  
  91  5:48  Extractor  
  90  5:50  Zergling x4  
  90  5:53  Drone x3  
  90  5:54  Hatchery  
  90  5:55  Drone x4  
  98  5:58  Extractor, Evolution Chamber  
  98  5:59  Evolution Chamber  
  98  6:00  Zergling x4  
  97  6:10  Zergling x6  
  97  6:11  Overseer  
  97  6:23  Overlord  
  97  6:24  Zerg Melee Weapons Level 1  
  97  6:25  Zerg Ground Armor Level 1  
  97  6:27  Baneling x9  
  97  6:28  Zergling x12, Baneling x2  
  103  6:39  Hatchery  
  102  6:42  Drone x4  
  106  6:54  Zergling x18  
  115  7:01  Overlord x2  
  115  7:05  Overlord  
  115  7:06  Zergling x2  
  115  7:07  Baneling x8  
  116  7:11  Zergling x2, Baneling x3  
  116  7:12  Zergling x4  
  116  7:13  Queen  
  121  7:20  Drone x3  
  121  7:21  Drone x3  
  121  7:22  Hydralisk Den  
  126  7:25  Baneling x3  
  126  7:27  Overlord  
  126  7:33  Zergling x16  
  134  7:40  Zergling x6  
  137  7:47  Zergling x16  
  140  7:55  Grooved Spines  
  140  7:57  Baneling x7  
  140  8:04  Drone  
  140  8:05  Drone x7  
  134  8:15  Infestation Pit  
  133  8:20  Extractor, Zerg Ground Armor Level 2, Zerg Melee Weapons Level 2  
  133  8:21  Drone x3  
  133  8:22  Hatchery, Infestation Pit  
  133  8:26  Spore Crawler  
  132  8:30  Zergling x14  
  139  8:36  Overlord x3  
  139  8:38  Baneling  
  139  8:39  Overlord  
  137  8:42  Hydralisk x6  
  148  8:53  Hive  
  147  8:56  Hydralisk x4  
  147  8:58  Overlord x2  
  152  9:03  Queen  
  152  9:08  Drone, Overlord  
  149  9:13  Hydralisk  
  149  9:14  Zergling x2, Hydralisk x2  
  149  9:15  Zergling x12  
  161  9:27  Muscular Augments  
  161  9:28  Drone x3  
  161  9:29  Extractor, Drone  
  161  9:30  Drone x8  
  172  9:33  Overseer, Hydralisk x3  
  178  9:47  Zergling x6  
  178  9:48  Baneling x2  
  178  9:50  Drone, Overlord  
  178  9:52  Spore Crawler, Drone  
  182  9:54  Spore Crawler  
  182  9:55  Zergling x16  
  182  9:56  Zergling x10  
  190  10:05  Viper x2  
  188  10:10  Zergling x14  
  195  10:14  Zergling x2  
  195  10:15  Zergling x6  
  199  10:23  Baneling x16  
  199  10:34  Zergling x4  
  199  10:35  Spore Crawler  
  199  10:47  Zerg Ground Armor Level 3, Zerg Melee Weapons Level 3  
  197  10:55  Zergling x20  
  194  11:01  Zergling x12  
  198  11:19  Baneling x9  
  198  11:20  Ultralisk Cavern  
  198  11:22  Baneling  
  198  11:24  Baneling x11  
  197  11:30  Extractor, Drone x3  
  197  11:31  Drone  
  200  11:33  Spore Crawler  
  199  11:46  Zergling x20  
  198  11:50  Zergling x8  
  198  11:51  Zergling x12  
  200  11:55  Zergling x2  
  200  11:56  Zergling x2  
  196  12:02  Zergling x14  
  196  12:08  Viper x3  
  189  12:09  Hatchery  
  189  12:10  Zergling x8  
  193  12:17  Zergling x20  
  194  12:24  Zergling x2, Baneling x4  
  194  12:25  Zergling x10  
  194  12:28  Zergling x14  
  192  12:30  Chitinous Plating  
  192  12:31  Overseer  
  192  12:33  Zergling x2  
  192  12:34  Zergling x10  
  192  12:35  Queen  
  184  12:44  Extractor, Drone x5  
  186  12:46  Zergling x2  
  186  12:47  Zergling x12  
  186  12:48  Baneling  
  186  12:49  Baneling x24  
  193  12:51  Zergling x6  
  193  12:57  Zergling x10  
  186  13:02  Baneling x6  
  186  13:03  Zergling x10, Baneling x7  
  191  13:08  Drone x6  
  192  13:22  Baneling x15  
  192  13:24  Overseer  
  192  13:27  Overseer  
  192  13:30  Baneling x2  
  191  13:34  Spore Crawler  
  191  13:36  Zergling x2  
  191  13:37  Zergling x16  
  199  13:42  Baneling x11  
  189  13:57  Zergling x36  
Tags
 
Add a new tag
Caveats
  • Supply blocks, unpowered buildings, or Contaminate may cause inaccurate times.
  • Supply counts are checked every 10 seconds.